 Dungeon Crawl Stone Soup version 0.28-a0-674-gdaf460b524 (webtiles) character file.

Game seed: 15315511020090034908

81 kipponium the Insei (level 4, -1/34 HPs)
             Began as a Gnoll Transmuter on Oct 17, 2021.
             Slain by Natasha (9 damage)
             ... on level 2 of the Dungeon.
             The game lasted 00:02:56 (1354 turns).

kipponium the Insei (Gnoll Transmuter)              Turns: 1354, Time: 00:02:56

Health: -1/34      AC:  2    Str: 11    XL:     4   Next: 40%
Magic:  10/11      EV: 13    Int: 12    God:
Gold:   47         SH:  0    Dex: 12    Spells: 10/13 levels left

rFire   . . .      SeeInvis .     - Unarmed
rCold   . . .      Faith    .   (no shield)
rNeg    . . .      Spirit   .   a - +0 robe
rPois   .          Reflect  .   (no helmet)
rElec   .          Harm     .   (no cloak)
rCorr   .          Rampage  .   (no gloves)
Will    .....                   (no boots)
Stlth   ++........              (no amulet)
HPRegen 0.11/turn               (no ring)
MPRegen 0.12/turn               (no ring)

@: wereblooded
A: fangs 1, strong nose, distributed training
a: no special abilities


You were on level 2 of the Dungeon.
You visited 1 branch of the dungeon, and saw 2 of its levels.

You collected 47 gold pieces.

Inventory:

Armour
 a - a +0 robe (worn)
Scrolls
 c - a scroll of immolation {unknown}
 e - a scroll of amnesia {unknown}
 f - 2 scrolls of identify {unknown}
Potions
 b - a potion of lignification {unknown}
 d - a potion of curing {unknown}


   Skills:
 + Level 2.7 Fighting
 + Level 1.1 Short Blades
 + Level 1.1 Long Blades
 + Level 1.1 Axes
 + Level 1.1 Maces & Flails
 + Level 1.1 Polearms
 + Level 1.1 Staves
 + Level 1.1 Slings
 + Level 1.1 Bows
 + Level 1.1 Crossbows
 + Level 1.1 Throwing
 + Level 1.1 Armour
 + Level 4.6 Dodging
 + Level 1.1 Stealth
 + Level 1.1 Shields
 + Level 6.6 Unarmed Combat
 + Level 5.1 Spellcasting
 + Level 0.9 Conjurations
 + Level 0.9 Hexes
 + Level 0.9 Summonings
 + Level 0.9 Necromancy
 + Level 0.9 Translocations
 + Level 3.8 Transmutations
 + Level 0.9 Fire Magic
 + Level 0.9 Ice Magic
 + Level 0.9 Air Magic
 + Level 0.9 Earth Magic
 + Level 0.9 Poison Magic
 + Level 1.2 Invocations
 + Level 1.1 Evocations


You had 10 spell levels left.
You knew the following spells:

 Your Spells              Type           Power      Damage    Failure   Level
a - Beastly Appendage     Tmut           24%        N/A       4%          1
b - Wereblood             Tmut           12%        N/A       6%          2

Your spell library contained the following spells:

 Spells                   Type           Power      Damage    Failure   Level
 Passwall                 Tmut/Erth      6%         N/A       11%         2
 Animate Skeleton         Necr           10%        N/A       14%         1
 Apportation              Tloc           10%        N/A       14%         1
 Freeze                   Ice            20%        1d4       14%         1
 Summon Small Mammal      Summ           20%        N/A       14%         1
 Spider Form              Tmut/Pois      4%         N/A       22%         3
 Frozen Ramparts          Ice            10%        1d3       38%         3
 Swiftness                Air            5%         N/A       38%         3
 Ice Form                 Ice/Tmut       8%         N/A       58%         4
 Hailstorm                Conj/Ice       5%         3d4       80%         4
 Invisibility             Hex            2%         N/A       100%        6


Dungeon Overview and Level Annotations

Branches:
Dungeon (2/15)

Altars:

Annotations:
D:2 Natasha


Innate Abilities, Weirdness & Mutations

You have very sharp teeth.
Your uncanny sense of smell can sniff out nearby items.
Your experience applies equally to all skills.


Message History

Your transformation is almost over.
f - 2 scrolls labelled BOGEYCL DUEC (gained 1) Natasha, Servant of Life and Death comes into view.
Natasha hisses angrily.
Found 14 gold pieces.
Natasha casts a spell at you. The magic dart hits you.
A bat and an adder come into view.
Casting: Beastly Appendage (safe; 4% risk of failure)
Confirm with . or Enter, or press ? or * to list all spells.
Your blood is infused with primal strength.
You hit Natasha but do no damage. Natasha barely misses you.
You barely miss Natasha. Your headbutt misses Natasha.
Your horns disappear.
Your talons disappear.
The bat barely misses you. Natasha misses you.
You hit Natasha.
Natasha is lightly wounded.
The adder hisses angrily.
The bat closely misses you. Natasha claws you.
You closely miss Natasha.
Natasha is lightly wounded.
The bat hits you. Natasha claws you.
You hit Natasha but do no damage. Your bite misses Natasha.
Natasha is lightly wounded.
The bat hits you.
You barely miss Natasha.
Natasha is lightly wounded.
Natasha claws you. The bat hits you but does no damage.
You miss the bat. The bat barely misses you.
Natasha growls.
Natasha misses you.
You hit the adder.
The adder is moderately wounded.
The bat misses you. The bat hits you but does no damage.
The adder barely misses you. Natasha claws you.
* * * LOW HITPOINT WARNING * * *
You miss the adder.
The adder is moderately wounded.
The bat misses you. The adder misses you. Natasha claws you!
You die...

#########..............
####..............
..................
...................
####...............
..................
....[..[..........
.......b.........#
......S@..#####..#
.......h..........
..........###.. ..
..........# ..........#
..........# ...$......#
###########


You could see Natasha, an adder and a bat.

Vanquished Creatures
  An orc wizard (D:2)
  2 adders (D:2)
  A worm (D:2)
  A dart slug (D:1)
  3 orcs (D:2)
  3 endoplasms (D:1)
  2 giant cockroaches
  3 goblins (D:1)
  3 hobgoblins (D:1)
  2 jackals (D:1)
  2 kobolds (D:1)
  A quokka (D:1)
  2 ball pythons (D:2)
  3 frilled lizards (D:1)
  3 rats (D:1)
32 creatures vanquished.

Notes
Turn   | Place    | Note
-------+----------+-------------------------------------------
     0 | D:1      | kipponium the Gnoll Transmuter began the quest for the Orb.
     0 | D:1      | Reached XP level 1. HP: 17/17 MP: 6/6
   255 | D:1      | Reached XP level 2. HP: 18/23 MP: 5/7
   616 | D:1      | Learned a level 2 spell: Wereblood
   775 | D:1      | Reached XP level 3. HP: 19/28 MP: 7/9
  1037 | D:1      | Reached skill level 5 in Spellcasting
  1144 | D:2      | Reached skill level 1 in Invocations
  1171 | D:2      | Reached skill level 1 in Short Blades
  1171 | D:2      | Reached skill level 1 in Long Blades
  1171 | D:2      | Reached skill level 1 in Axes
  1171 | D:2      | Reached skill level 1 in Maces & Flails
  1171 | D:2      | Reached skill level 1 in Polearms
  1171 | D:2      | Reached skill level 1 in Staves
  1171 | D:2      | Reached skill level 1 in Slings
  1171 | D:2      | Reached skill level 1 in Bows
  1171 | D:2      | Reached skill level 1 in Crossbows
  1171 | D:2      | Reached skill level 1 in Throwing
  1171 | D:2      | Reached skill level 1 in Armour
  1171 | D:2      | Reached skill level 1 in Stealth
  1171 | D:2      | Reached skill level 1 in Shields
  1171 | D:2      | Reached skill level 1 in Evocations
  1171 | D:2      | Reached XP level 4. HP: 22/34 MP: 8/11
  1342 | D:2      | Noticed Natasha
  1354 | D:2      | Slain by Natasha

Illustrated notes

Levels and vault maps discovered:
D:1:      amcnicky_arrival_wind_blow, layout_basic, supply_closet_lemuel
D:2:      layout_rooms, uniq_natasha, uniq_jessica

Skill      XL: |  1  2  3 |
---------------+----------+-----
Spellcasting   | 5 |  5.1
Invocations    | 1 |  1.2
Short Blades   | 1 |  1.1
Long Blades    | 1 |  1.1
Axes           | 1 |  1.1
Maces & Flails | 1 |  1.1
Polearms       | 1 |  1.1
Staves         | 1 |  1.1
Slings         | 1 |  1.1
Bows           | 1 |  1.1
Crossbows      | 1 |  1.1
Throwing       | 1 |  1.1
Armour         | 1 |  1.1
Stealth        | 1 |  1.1
Shields        | 1 |  1.1
Evocations     | 1 |  1.1
Fighting       | |  2.7
Dodging        | |  4.6
Unarmed Combat | |  6.6
Conjurations   | |  0.9
Hexes          | |  0.9
Summonings     | |  0.9
Necromancy     | |  0.9
Translocations | |  0.9
Transmutations | |  3.8
Fire Magic     | |  0.9
Ice Magic      | |  0.9
Air Magic      | |  0.9
Earth Magic    | |  0.9
Poison Magic   | |  0.9

Action                   |  1- 3 |  4- 6 || total
-------------------------+-------+-------++-------
Melee: Unarmed           |    65 |    24 ||    89
       Headbutt          |    10 |     1 ||    11
       Bite              |     3 |       ||     3
       Kick              |     2 |     3 ||     5
       Punch             |       |     1 ||     1
 Cast: Beastly Appendage |    18 |     1 ||    19
       Wereblood         |     1 |     1 ||     2
Armor: Robe              |     5 |     3 ||     8
Dodge: Dodged            |    28 |    16 ||    44

Table legend: (Time is in decaauts)
 A = Elapsed time spent in this place.
 B = Non-inter-level travel time spent in this place.
 C = Inter-level travel time spent in this place.
 D = Time resting spent in this place.
 E = Time spent auto-exploring this place.
 F = Levels seen in this place.
 G = Mean time per level.
                   A        B        C        D        E       F      G
               +--------+--------+--------+--------+--------+-----+--------+
         Total |   1345 |   1305 |     40 |    385 |    612 |   2 |  672.5 |
       Dungeon |   1345 |   1305 |     40 |    385 |    612 |   2 |  672.5 |
               +--------+--------+--------+--------+--------+-----+--------+

Top non-repeatable levels by time:
     D:1: 1089 daAuts
     D:2: 255 daAuts
